 Dungeon Crawl Stone Soup version 0.32-a0-306-gfed3edf829 (webtiles) character file.

Game seed: 10318809823340233928

29 oldriver the Conjurer (level 3, -1/25 HPs)
             Began as a Demonspawn Conjurer on Feb 15, 2024.
             Slain by a hobgoblin (3 damage)
             ... led by Robin
             ... on level 2 of the Dungeon.
             The game lasted 00:01:08 (775 turns).

oldriver the Conjurer (Demonspawn Conjurer)          Turns: 775, Time: 00:01:08

Health: -1/25      AC:  3    Str:  7    XL:     3   Next: 1%
Magic:  6/6        EV: 11    Int: 20    God:
Gold:   70         SH:  7    Dex: 11    Spells: 6/7 levels left

rFire   . . .        (no weapon)
rCold   . . .        f - +0 buckler
rNeg    . . .        a - +0 robe
rPois   .            (no helmet)
rElec   .            (no cloak)
rCorr   .            j - +0 pair of gloves
SInv    .            (no boots)
Will    .....        (no amulet)
Stlth   +            (no ring)
HPRegen 0.24/turn    (no ring)
MPRegen 0.10/turn

%: no passive effects
@: brilliant, silenced
A: condensation shield
a: no special abilities


You were on level 2 of the Dungeon.
You visited 1 branch of the dungeon, and saw 2 of its levels.

You collected 70 gold pieces.

Inventory:

Missiles
 e - 2 throwing nets
Armour
 a - a +0 robe (worn)
 f - a +0 buckler (worn)
 j - a +0 pair of gloves (worn)
Scrolls
 c - a scroll of noise {unknown}
 g - a scroll of teleportation {unknown}
 i - a scroll of vulnerability {unknown}
Potions
 k - a potion of curing


   Skills:
 + Level 0.7 Fighting
 + Level 2.1 Dodging
 + Level 2.0 Stealth
 + Level 0.2 Shields
 * Level 2.5 Spellcasting
 + Level 4.1 Conjurations


You had 6 spell levels left.
You knew the following spells:

 Your Spells              Type           Power      Damage    Failure   Level
a - Magic Dart            Conj           100%       1d8       4%          1

Your spell library contained the following spells:

 Spells                   Type           Power      Damage    Failure   Level
 Searing Ray              Conj           56%        2d6       7%          2
 Fulminant Prism          Conj/Alch      8%         3d7       71%         4
 Iskenderun's Mystic Bla  Conj/Tloc      16%        2d5       71%         4


Dungeon Overview and Level Annotations

Branches:
Dungeon (2/15)

Altars:

Annotations:
D:2 Robin


Innate Abilities, Weirdness & Mutations

A meltable shield of frost defends you. (SH +4)


Message History

Robin throws the goblin at you! You block the goblin's attack.
You block the hobgoblin's attack.
You closely miss the hobgoblin.
The hobgoblin is heavily wounded.
The goblin hits you with a +0 club.
The hobgoblin hits you but does no damage.
You aren't carrying any items that you can evoke.
As you read the scroll labelled REIMESHRAEDE, it crumbles to dust.
A profound silence engulfs you.
It was a scroll of silence.
The goblin hits you with a +0 club. You block the hobgoblin's attack.
Robin throws the goblin at you! The goblin hits you with a +0 dagger.
Magic scrolls do not work when you're silenced!
You hit the goblin but do no damage. You block the goblin's attack.
Robin roars a battlecry!
The goblins go into a battle-frenzy!
The hobgoblin closely misses you. You block the goblin's attack.
It was a potion of brilliance.
You feel clever all of a sudden.
Robin flexes a bicep menacingly.
You block the goblin's attack. The hobgoblin barely misses you.
The goblin closely misses you.
It was a potion of curing.
You feel better. You block the goblin's attack. The hobgoblin hits you.
The goblin closely misses you.
You closely miss the hobgoblin.
The hobgoblin is heavily wounded.
The goblin misses you. The hobgoblin hits you. The goblin closely misses you.
You closely miss the goblin. The hobgoblin hits you.
The goblin barely misses you. The goblin hits you with a +0 dagger.
Magic courses through your body. You block the goblin's attack.
The hobgoblin hits you.
* * * LOW HITPOINT WARNING * * *
You block the goblin's attack.
You aren't carrying any items that you can evoke.
Magic scrolls do not work when you're silenced!
You hit the hobgoblin but do no damage.
The hobgoblin is moderately wounded.
The goblin hits you with a +0 club.
* * * LOW HITPOINT WARNING * * *
The hobgoblin hits you.
You die... ..... ##...## ##.)...## #.......# #.ggr.# #ggg#

##g## #g#
#@#
#gg......
....####.
##.....
#.#####
#.# #.#
#.#


You could see Robin, 2 hobgoblins, 6 goblins and a rat.

Vanquished Creatures
  3 ball pythons (D:1)
  An endoplasm (D:1)
  3 goblins
  A bat (D:1)
  5 frilled lizards (D:1)
  4 kobolds (D:1)
17 creatures vanquished.

Notes
Turn   | Place    | Note
-------+----------+-------------------------------------------
     0 | D:1      | oldriver the Demonspawn Conjurer began the quest for the
                  | Orb.
     0 | D:1      | Reached XP level 1. HP: 13/13 MP: 3/3
   179 | D:1      | Gained mutation: A meltable shield of frost defends you.
                  | (SH +4) [demonic ancestry]
   179 | D:1      | Reached XP level 2. HP: 20/20 MP: 1/5
   762 | D:2      | Reached XP level 3. HP: 25/25 MP: 1/6
   763 | D:2      | Noticed Robin
   775 | D:2      | Slain by a hobgoblin

Illustrated notes

Levels and vault maps discovered:
D:1:      evilmike_arrival_hilbert_curve, layout_rooms, minmay_misc_feat_roman,
          wander_ebering_terrifying_dragon_lair
D:2:      layout_loops_cross, serial_bayou_ford_a, uniq_robin

Skill      XL: |  1  2 |
---------------+-------+-----
Stealth        | 2 |  2.0
Dodging        | 2 |  2.1
Fighting       | |  0.7
Shields        | |  0.2
Spellcasting   | |  2.5
Conjurations   | |  4.1

Action                     || total
---------------------------++-------
  Melee: Unarmed           ||     8
   Cast: Magic Dart        ||    24
    Use: Potion            ||     3
         Scroll            ||     1
 Armour: Robe              ||    14
  Dodge: Dodged            ||    11
  Block: Buckler           ||    10

Table legend: (Time is in decaauts)
 A = Elapsed time spent in this place.
 B = Non-inter-level travel time spent in this place.
 C = Inter-level travel time spent in this place.
 D = Time resting spent in this place.
 E = Time spent auto-exploring this place.
 F = Levels seen in this place.
 G = Mean time per level.
                   A        B        C        D        E       F      G
               +--------+--------+--------+--------+--------+-----+--------+
         Total |    775 |    743 |     32 |      0 |    647 |   2 |  387.5 |
       Dungeon |    775 |    743 |     32 |      0 |    647 |   2 |  387.5 |
               +--------+--------+--------+--------+--------+-----+--------+

Top non-repeatable levels by time:
     D:1: 755 daAuts
     D:2: 20 daAuts
